 Dungeon Crawl Stone Soup version 0.31.0-32-g396128a36d (webtiles) character file.

Game seed: 6269591018442330776

1649 H0rd4k the Martial Artist (level 9, -5/59 HPs)
             Began as an Octopode Artificer on Apr 16, 2024.
             Was an Initiate of Gozag.
             Slain by a gnoll
             ... wielding a +0 spear
             ... led by a gnoll sergeant
              (8 damage)
             ... on level 7 of the Dungeon.
             The game lasted 00:09:32 (6458 turns).

H0rd4k the Martial Artist (Octopode Artificer)      Turns: 6458, Time: 00:09:33

Health: -5/59      AC:  1    Str: 13    XL:     9   Next: 0%
Magic:  9/9        EV: 13    Int: 18    God:    Gozag
Gold:   382        SH:  5    Dex: 12    Spells: 8/8 levels left

rFire   . . .        C - +11 dagger "Queciw" {heavy, rElec Str+2 Stlth-}
rCold   . . .        (no shield)
rNeg    . . .        (helmet restricted)
rPois   .            e - amulet of reflection
rElec   +            a - ring of see invisible
rCorr   .            l - ring of wizardry
SInv    +            E - ring of flight
Will    .....        (no ring)
Stlth   ++           (no ring)
HPRegen 0.29/turn    (no ring)
MPRegen 0.11/turn    (no ring)
                     (no ring)

%: reflection, wizardry (x1)
@: flying
A: almost no armour, amphibious, 8 rings, camouflage 1, gelatinous body 1,
(nimble swimmer 1), tentacles
a: Renounce Religion, Potion Petition, Call Merchant, Bribe Branch


You were on level 7 of the Dungeon.
You worshipped Gozag.
Gozag was aware of your devotion.
You visited 2 branches of the dungeon, and saw 8 of its levels.
You also visited: Sewer.

You collected 448 gold pieces.
You paid 66 gold pieces to Gozag.

Inventory:

Hand Weapons
 f - the +8 shortbow of Fafoneum {antimagic, Stlth+}
   (You acquired it on level 5 of the Dungeon)

   Stlth+:    It makes you more stealthy.
 C - the +11 dagger "Queciw" (weapon) {heavy, rElec Str+2 Stlth-}
   (You found it on level 4 of the Dungeon)

   Str+2:     It affects your strength (+2).
   rElec:     It insulates you from electricity.
   Stlth-:    It makes you less stealthy.
 D - a +2 dagger of venom
Missiles
 g - 3 atropa-tipped darts
 G - 2 poisoned darts
Armour
 i - the orb "Gapnemoa" {*Rage, rElec Int-4 Stlth+}
   (You acquired it on level 5 of the Dungeon)

   Int-4:     It affects your intelligence (-4).
   rElec:     It insulates you from electricity.
   Stlth+:    It makes you more stealthy.
Jewellery
 a - a ring of see invisible (left tentacle)
 e - an amulet of reflection (around mantle)
 l - a ring of wizardry (right tentacle)
 w - an amulet of guardian spirit
 E - a ring of flight (on tentacle)
Talismans
 H - the maw talisman of Wusicet {rN+}
   (You found it on level 5 of the Dungeon)

   [maw talisman]

   rN+:       It protects you from negative energy.
Wands
 c - a wand of charming (5)
 d - a wand of polymorph (9)
Scrolls
 j - 2 scrolls of teleportation
 o - a scroll of revelation
 q - a scroll of poison
 r - a scroll of fear
 u - a scroll of vulnerability
 x - a scroll of enchant weapon
 y - 2 scrolls of noise
Potions
 h - 3 potions of haste
 k - 2 potions of curing
 m - a potion of might {unknown}
 n - 3 potions of lignification {unknown}
 s - a potion of invisibility {unknown}
 t - a potion of berserk rage {unknown}
 v - a potion of cancellation {unknown}
 z - 4 potions of heal wounds
 I - a potion of attraction {unknown}


   Skills:
 + Level 4.6 Fighting
 + Level 4.1 Short Blades
 - Level 2.3 Dodging
 - Level 1.3 Stealth
 - Level 1.1 Shields
 - Level 8.8 Unarmed Combat
 - Level 3.2 Evocations


You had 8 spell levels left.
You didn't know any spells.
Your spell library contained the following spells:

 Spells                   Type           Power      Damage    Failure   Level
 Apportation              Tloc           0%         N/A       9%          1
 Kiss of Death            Conj/Necr      0%         2d5       9%          1
 Necrotise                Necr           0%         1d4       9%          1
 Sting                    Conj/Alch      0%         1d3       9%          1
 Summon Small Mammal      Summ           0%         N/A       9%          1
 Confusing Touch          Hex            0%         N/A       26%         3
 Dispel Undead            Necr           0%         3d6       61%         4


Dungeon Overview and Level Annotations

Branches:
Dungeon (7/15)             Temple (1/1) D:6           Sewer (visited)

Altars:
Ashenzari
Cheibriados
Elyvilon
Fedhas
Gozag
Hepliaklqana
Makhleb
Nemelex Xobeh
Okawaru
Qazlal
Ru
Sif Muna
Trog
Uskayaw
Vehumet
Wu Jian
Xom
Yredelemnul
Zin
The Shining One

Annotations:
D:2 1 runed translucent door, exclusion: door, Crazy Yiuf
D:5 exclusion: 2 downstairs
D:6 Jeremiah


Innate Abilities, Weirdness & Mutations

You cannot wear most types of armour.
You are amphibious.
You can wear up to eight rings at the same time.
Your skin changes colour to match your surroundings (Stealth+).
Your rubbery body absorbs attacks. (AC +1, EV +1)
((You are camouflaged when in or above water. (Stealth+)))
You have tentacles for arms and can constrict up to eight enemies at once.


Message History

Your gnoll sergeant blocks the gnoll's attack.
You hit the shadow imp. Your grab misses the shadow imp.
The shadow imp is almost dead.
Your gnoll sergeant closely misses the gnoll.
The shadow imp gestures at you. Pain shoots through your body!
The gnoll hits your gnoll sergeant with a +0 halberd.
A gnoll comes into view. It is wielding a +0 spear.
You puncture the shadow imp!
You kill the shadow imp!
Your gnoll sergeant blocks the gnoll's attack.
The gnoll hits your gnoll sergeant with a +0 spear.
Your gnoll sergeant hits the gnoll with a +0 heavy spear.
You have reached level 9!
Your experience leads to an increase in your attributes!
Your base attributes are Str 11, Int 16, Dex 12.
Increase (S)trength, (I)ntelligence, or (D)exterity?
You feel clever. x2
The gnoll barely misses your gnoll sergeant.
The gnoll hits your gnoll sergeant with a +0 spear.
Your gnoll sergeant barely misses the gnoll.
Found 4 gold pieces.
Found a stone staircase leading down.
You now have 382 gold pieces (gained 4).
A gnoll is nearby!
The gnoll hits you with a +0 halberd.
You puncture the gnoll! You grab the gnoll.
The gnoll is heavily wounded.
You constrict the gnoll. The gnoll closely misses you.
The gnoll hits you from afar with a +0 spear.
The gnoll hits you with a +0 halberd!
* * * LOW HITPOINT WARNING * * *
You hit the gnoll but do no damage.
You squeeze the gnoll, but do no damage.
The gnoll is severely wounded.
You constrict the gnoll. You block the gnoll's attack.
The gnoll hits you with a +0 halberd!
* * * LOW HITPOINT WARNING * * *
The gnoll hits you from afar with a +0 spear!
You die...
Your body crumbles into a pile of gold.

.......# #.#
..$....# #.#
.##.g#.######
#.# #.gg..$$..#
#.# #<##.####.#
#># #$##.# #.#
#.# #$##.# #.#
#.# ..$..# #.#
#.# ....... #.#
#@# ###.#### #.#
#g# #.#
##.##.####g# #.#
#..........#
#.....###.####.#
## #.# #.# #.#
#.# #.# #.# #.#
#.#


You could see 2 gnolls.

Vanquished Creatures
  2 water moccasins (D:5)
  Pargi (Sewer)
  A black bear (D:5)
  2 ice beasts
  A brain worm (Sewer)
  A bullfrog (D:6)
  A gnoll sergeant (D:7)
  A scorpion (D:5)
  A bombardier beetle (D:4)
  3 hounds
  A jelly (D:5)
  A gnoll bouda (D:4)
  3 sleepcaps
  Ijyb (D:5)
  5 iguanas
  2 orc wizards (D:5)
  Natasha (thrice) (D:2)
  10 gnolls
  4 adders
  A shadow imp (D:7)
  5 ribbon worms
  12 orcs
  11 ball pythons
  13 bats
  5 endoplasms
  5 giant cockroaches
  6 goblins
  5 hobgoblins
  6 jackals
  3 kobolds
  7 quokkas
  6 rats
129 creatures vanquished.

Vanquished Creatures (collateral kills)
  3 gnolls (D:7)
  A ball python (D:3)
  2 giant cockroaches (D:6)
  2 jackals (D:2)
  A frilled lizard (D:6)
  A goblin (D:2)
  2 rats
12 creatures vanquished.

Vanquished Creatures (others)
  A gnoll sergeant (D:7)
  A gnoll (D:7)
  An adder (D:3)
  A hobgoblin (D:3)
4 creatures vanquished.

Grand Total: 145 creatures vanquished

Notes
Turn   | Place    | Note
-------+----------+-------------------------------------------
     0 | D:1      | H0rd4k the Octopode Artificer began the quest for the Orb.
     0 | D:1      | Reached XP level 1. HP: 13/13 MP: 1/1
   176 | D:1      | Reached skill level 1 in Unarmed Combat
   177 | D:1      | Reached XP level 2. HP: 18/18 MP: 2/2
   389 | D:1      | Reached skill level 2 in Unarmed Combat
   485 | D:1      | Reached XP level 3. HP: 23/23 MP: 3/3
   637 | D:1      | Found a faded altar of an unknown god.
   966 | D:2      | Noticed Natasha
   970 | D:2      | Killed Natasha
   971 | D:2      | Reached skill level 3 in Unarmed Combat
   971 | D:2      | Reached XP level 4. HP: 16/29 MP: 4/4
  1178 | D:2      | Noticed Natasha
  1625 | D:2      | Killed Natasha
  1626 | D:2      | Reached skill level 4 in Unarmed Combat
  1626 | D:2      | Reached XP level 5. HP: 34/34 MP: 5/5
  1765 | D:2      | Noticed Natasha
  1772 | D:2      | Killed Natasha
  1857 | D:2      | Found a runed translucent door.
  1858 | D:2      | Noticed Crazy Yiuf
  1990 | D:3      | Found a hide-covered altar of Uskayaw.
  2029 | D:3      | Found a glowing silver altar of Zin.
  2082 | D:3      | Found a broken altar of Ashenzari.
  2222 | D:3      | Found a burning altar of Makhleb.
  2631 | D:4      | Reached skill level 5 in Unarmed Combat
  2631 | D:4      | Reached XP level 6. HP: 39/39 MP: 6/6
  2700 | D:4      | Reached skill level 1 in Shields
  2948 | D:4      | Identified the +11 dagger "Queciw" {heavy, rElec Str+2
                  | Stlth-}
  3263 | D:4      | Noticed an ice beast
  3269 | D:4      | Killed an ice beast
  3270 | D:4      | Reached skill level 6 in Unarmed Combat
  3398 | D:5      | Entered Level 5 of the Dungeon
  3568 | D:5      | Noticed Ijyb
  3578 | D:5      | Killed Ijyb
  3579 | D:5      | Reached XP level 7. HP: 45/45 MP: 7/7
  3670 | D:5      | Identified the maw talisman of Wusicet {rN+}
  3708 | D:5      | Found a bloodstained altar of Trog.
  3967 | D:5      | Reached skill level 7 in Unarmed Combat
  4075 | D:5      | Reached skill level 1 in Short Blades
  4294 | D:5      | Reached XP level 8. HP: 19/52 MP: 8/8
  4558 | D:5      | Reached skill level 8 in Unarmed Combat
  4825 | D:5      | Identified 2 scrolls of acquirement
  4825 | D:5      | Acquired the +8 shortbow of Fafoneum {antimagic, Stlth+}
  4826 | D:5      | Acquired the orb "Gapnemoa" {*Rage, rElec Int-4 Stlth+}
  4993 | D:6      | Found a staircase to the Ecumenical Temple.
  5004 | Temple   | Entered the Ecumenical Temple
  5032 | Temple   | Became a worshipper of Gozag Ym Sagoz the Greedy
  5200 | D:6      | Noticed Jeremiah
  5290 | D:6      | Found a glowing drain.
  5295 | Sewer    | Entered a sewer
  5446 | Sewer    | Noticed Pargi
  5453 | Sewer    | Killed Pargi
  6433 | D:7      | Reached XP level 9. HP: 28/59 MP: 9/9
  6458 | D:7      | Slain by a gnoll

Illustrated notes

Levels and vault maps discovered:
D:1:      evilmike_arrival_rings, layout_loops_ring,
          ebering_ecumenical_altar_hall, minmay_ruptured
D:2:      layout_basic, serial_park_tiny_2, uniq_crazy_yiuf_cottage,
          uniq_natasha
D:3:      layout_basic, lemuel_doored_altar, ashenzari_altar_1,
          mainiacjoe_overflow_catch_the_wave
D:4:      layout_gridville, serial_glass, glass_columns_b, glass_columns_a
D:5:      layout_loops_corners, trog_butcher_becter, uniq_ijyb
D:6:      layout_basic, minmay_temple_entry_stoned_glass,
          mainiacjoe_sewer_entry_somewhere_in_here_1, uniq_jeremiah
D:7:      layout_loops_ring, uniq_pikel, uniq_joseph
Temple:   bh_familiar_temple

Skill      XL: |  1  2  3  4  5  6  7  8 |
---------------+-------------------------+-----
Unarmed Combat | 1 2 3 4 5 6 7 8 |  8.8
Fighting       | 2 3 4 |  4.6
Shields        | 1 |  1.1
Short Blades   | 1 4 |  4.1
Dodging        | |  2.3
Stealth        | |  1.3
Evocations     | |  3.2

Action                     |  1- 3 |  4- 6 |  7- 9 || total
---------------------------+-------+-------+-------++-------
  Melee: Unarmed           |    65 |    76 |       ||   141
         Constrict         |    20 |    28 |    29 ||    77
         Tentacles         |    17 |    22 |    22 ||    61
         Punch             |       |     2 |     9 ||    11
         Dagger            |       |     9 |   104 ||   113
  Evoke: Wand              |     1 |    37 |    16 ||    54
    Use: Scroll            |       |       |    16 ||    16
         Potion            |       |       |     2 ||     2
   Stab: Sleeping          |    11 |     5 |     4 ||    20
         Held in net/web   |       |     1 |       ||     1
         Distracted        |       |     1 |       ||     1
 Armour: Skin              |    16 |    38 |    74 ||   128
  Dodge: Dodged            |    40 |    50 |    57 ||   147
  Block: Other             |     2 |    18 |    20 ||    40
         Reflection        |       |     1 |       ||     1
